 Dungeon Crawl Stone Soup version 0.24.0-123-gd5b16e6ec5 (webtiles) character file.

Game seed: 15100339408403193447, levelgen mode: deterministic

67 Ceapi the Chopper (level 4, 0/61 HPs)
             Began as a Hill Orc Berserker on Feb 11, 2020.
             Was a Believer of Trog.
             Killed by divine providence
             ... invoked by an orc priest
              (14 damage)
             ... on level 3 of the Dungeon.
             The game lasted 00:10:13 (2468 turns).

Ceapi the Chopper (Hill Orc Berserker)              Turns: 2468, Time: 00:10:13

Health: 0/61       AC:  2    Str: 25    XL:     4   Next: 18%
Magic:  4/4        EV: 12    Int:  7    God:    Trog [**....]
Gold:   57         SH:  0    Dex: 10    Spells: 3/3 levels left

rFire    . . .     SeeInvis .   a - +0 hand axe
rCold    . . .     Gourm    .   (no shield)
rNeg     . . .     Faith    .   b - +0 animal skin
rPois    .         Spirit   .   (no helmet)
rElec    .         Reflect  .   (no cloak)
rCorr    .         Harm     .   (no gloves)
MR       .....                  (no boots)
Stlth    ..........             (no amulet)
HPRegen  0.20/turn              (no ring)
MPRegen  0.09/turn              (no ring)

@: berserking, lethally poisoned (0 -> -1), very quick
A: no striking features
a: Berserk, Trog's Hand, Renounce Religion, Convert to Beogh


You were on level 3 of the Dungeon.
You worshipped Trog.
Trog was pleased with you.
You were very hungry.

You visited 1 branch of the dungeon, and saw 3 of its levels.

You collected 57 gold pieces.

Inventory:

Hand Weapons
 a - a +0 hand axe (weapon)
 y - a +0 hunting sling
Armour
 b - a +0 animal skin (worn)
 x - a +0 leather armour
Jewellery
 i - an uncursed ring of protection from magic {unknown}
 j - an uncursed ring of poison resistance {unknown}
 p - an uncursed ring of stealth {unknown}
 r - an uncursed amulet of magic regeneration {unknown}
Wands
 q - a wand of polymorph (6)
Scrolls
 d - 2 scrolls of enchant weapon {unknown}
 g - 5 scrolls of identify {unknown}
 k - a scroll of remove curse {unknown}
 l - a scroll of teleportation {unknown}
 s - a scroll of enchant armour {unknown}
 v - 2 scrolls of amnesia {unknown}
Potions
 e - 2 potions of might {unknown}
 f - 5 potions of heal wounds {unknown}
 h - a potion of magic {unknown}
 m - a potion of degeneration {unknown}
 n - a potion of haste
 o - 2 potions of brilliance {unknown}
 t - 2 potions of curing {unknown}
 u - 2 potions of invisibility {unknown}
 z - a potion of ambrosia {unknown}
Comestibles
 c - 3 rations
 w - 5 chunks of flesh


   Skills:
 + Level 4.5 Fighting
 * Level 5.6 Axes
 + Level 2.3 Armour
 - Level 1.6 Dodging


You had 3 spell levels left.
You didn't know any spells.
Your spell library was empty.

Dungeon Overview and Level Annotations

Branches:
Dungeon (3/15)

Altars:


Message History

You feel yourself moving faster!
You feel mighty!
You are feeling very hungry.
The adder bites you.
You are poisoned.
The adder poisons you! The orc priest closely misses you.
You closely miss the orc priest. You closely miss the adder.
You feel sick. The adder bites you.
* * * LOW HITPOINT WARNING * * *
The orc priest shouts, "Surrender to Beogh and we'll let you live!"
You closely miss the orc priest. You hit the adder. The orc priest misses you.
The adder bites you.
* * * LOW HITPOINT WARNING * * *
You closely miss the orc priest. You slash the adder!
You kill the adder!
Trog accepts your kill.
The orc priest threatens, "By the altar or by the axe, you will meet Beogh!"
You closely miss the orc priest.
The orc priest calls down the wrath of Beogh upon you.
Beogh smites you!
You die...

#.# .# #.#### ..
#(...###. ###
####.#.. ..# #
#.#.# #.# <# #
#.#.# #.##.#.#
#...#####.....
###.##.##†#.#####
#.#...#@o......
#..............
#########......
######


You could see an orc priest.

Vanquished Creatures
  3 adders
  2 dart slugs
  3 orcs (D:3)
  5 bats (D:1)
  3 goblins
  5 hobgoblins
  2 jackals (D:3)
  A quokka (D:3)
  3 frilled lizards
  5 kobolds
  A rat (D:2)
33 creatures vanquished.

Notes
Turn   | Place    | Note
-------+----------+-------------------------------------------
     0 | D:1      | Ceapi the Hill Orc Berserker began the quest for the Orb.
     0 | D:1      | Reached XP level 1. HP: 19/19 MP: 1/1
   214 | D:1      | Reached XP level 2. HP: 23/27 MP: 2/2
  1103 | D:2      | Reached XP level 3. HP: 31/33 MP: 3/3
  1127 | D:2      | Reached skill level 5 in Axes
  2330 | D:3      | Reached ** piety under Trog
  2339 | D:3      | Reached XP level 4. HP: 29/41 MP: 4/4
  2468 | D:3      | Killed from afar by an orc priest

Levels and vault maps discovered:
D:1:      kennysheep_arrival_seaside, layout_rooms, moated_statue,
          kennysheep_doodads
D:2:      layout_loops_corners, first_ration, minmay_pentomino_u2
D:3:      layout_loops_ring

Skill      XL: |  1  2  3 |
---------------+----------+-----
Fighting       | 4 |  4.5
Axes           | 5 |  5.6
Armour         | |  2.3
Dodging        | |  1.6

Action                   |  1- 3 |  4- 6 || total
-------------------------+-------+-------++-------
Melee: Hand axe          |   103 |     9 ||   112
Invok: Berserk           |     1 |     1 ||     2
  Eat: Chunk             |     2 |       ||     2
       Ration            |     1 |       ||     1
Armor: Animal skin       |    15 |     1 ||    16
Dodge: Dodged            |    81 |     7 ||    88
